 Dungeon Crawl Stone Soup version 0.30-a0-772-g5528072125 (webtiles) character file.

Game seed: 14146326265662990389

34967 Crownlay the Destroyer (level 13, 0/105 HPs)
             Began as a Hill Orc Fire Elementalist on Feb 11, 2023.
             Was an Elder of Sif Muna.
             Slain by a skyshark (5 damage)
             ... on level 5 of the Lair of Beasts on Feb 12, 2023.
             The game lasted 01:13:35 (24331 turns).

Crownlay the Destroyer (HOFE)                      Turns: 24331, Time: 01:13:35

Health: 0/105      AC:  6    Str:  8    XL:     13   Next: 80%
Magic:  14/25      EV: 12    Int: 21    God:    Sif Muna [****..]
Gold:   661        SH:  0    Dex: 11    Spells: 13/29 levels left

rFire   + . .      SeeInvis +    t - +4 quarterstaff of the Pits of Slime {pain, Will+ Str-4 Int+2 SInv}
rCold   x . .      Faith    .    (shield currently unavailable)
rNeg    . . .      Spirit   .    b - +2 robe {Will+}
rPois   +          Reflect  .    (no helmet)
rElec   .          Harm     .    C - +0 cloak
rCorr   .          Rampage  .    (no gloves)
Will    ++...                    e - +0 pair of boots
Stlth   ++                       (no amulet)
HPRegen 0.37/turn                z - ring of fire
MPRegen 0.19/turn                c - ring of poison resistance

@: no status effects
A: no striking features
a: Renounce Religion, Channel Magic, Forget Spell, Divine Exegesis


You were on level 5 of the Lair of Beasts.
You worshipped Sif Muna.
Sif Muna was greatly pleased with you.
You visited 3 branches of the dungeon, and saw 17 of its levels.

You collected 988 gold pieces.
You spent 327 gold pieces at shops.

Inventory:

Hand Weapons
 t - the +4 quarterstaff of the Pits of Slime (weapon) {pain, Will+ Str-4 Int+2 SInv}
   (You found it on level 2 of the Dungeon)

   Str:       It affects your strength (-4).
   Int:       It affects your intelligence (+2).
   SInv:      It lets you see invisible.
   Will:      It increases your willpower.
Missiles
 I - a throwing net
Armour
 b - a +2 robe of willpower (worn)
 e - a +0 pair of boots (worn)
 i - a +2 buckler
 C - a +0 cloak (worn)
 J - a +2 robe of cold resistance
 O - the +1 robe of Distant Worlds {rF+++ rC- rN+++ Dex-5}
   (You bought it in a shop on level 1 of the Dungeon)

   Dex:       It affects your dexterity (-5).
   rF:        It renders you almost immune to fire.
   rC:        It makes you vulnerable to cold.
   rN:        It renders you almost immune to negative energy.
Jewellery
 c - a ring of poison resistance (right hand)
 j - a +4 ring of protection
 v - a ring of fire
 z - a ring of fire (left hand)
Wands
 h - a wand of flame (32)
 n - a wand of polymorph (12)
 G - a wand of charming (6)
 H - a wand of mindburst (8)
 K - a wand of digging (13)
Scrolls
 a - 3 scrolls of magic mapping
 d - 5 scrolls of teleportation
 g - 3 scrolls of amnesia
 m - 3 scrolls of enchant armour
 s - 2 scrolls of immolation
 w - 3 scrolls of fog
 x - 5 scrolls of blinking
 y - 3 scrolls of poison
 A - 3 scrolls of silence
 S - a scroll of summoning
Potions
 f - 4 potions of lignification {unknown}
 k - a potion of magic
 l - 5 potions of haste
 o - 2 potions of degeneration {unknown}
 p - 2 potions of flight {unknown}
 q - 4 potions of brilliance {unknown}
 r - 4 potions of mutation {unknown}
 u - a potion of ambrosia {unknown}
 B - 3 potions of berserk rage {unknown}
 D - 4 potions of attraction {unknown}
 E - 6 potions of might
 F - 6 potions of heal wounds
 L - a potion of cancellation {unknown}
 M - a potion of resistance
 N - a potion of curing
 P - a potion of experience {unknown}
 Q - 3 potions of invisibility {unknown}


   Skills:
 + Level 7.4 Fighting
 - Level 1.5 Dodging
 - Level 1.5 Stealth
 - Level 6.0 Shields
 * Level 8.6 Spellcasting
 * Level 12.4 Conjurations
 + Level 9.4 Summonings
 - Level 10.0 Fire Magic
 + Level 9.4 Invocations


You had 13 spell levels left.
You knew the following spells:

 Your Spells              Type           Power      Damage    Failure   Level
a - Foxfire               Conj/Fire      100%       2x1d9     1%          1
b - Scorch                Fire           100%       2d10      1%          2
c - Inner Flame           Hex/Fire       45%        N/A       3%          3
d - Fireball              Conj/Fire      35%        3d15      1%          5
e - Iskenderun's Battles  Conj           57%        2d11      1%          5

Your spell library contained the following spells:

 Spells                   Type           Power      Damage    Failure   Level
 Summon Small Mammal      Summ           100%       N/A       1%          1
 Momentum Strike          Conj/Tloc      70%        3d9       1%          2
 Static Discharge         Conj/Air       70%        2-5/arc   1%          2
 Call Canine Familiar     Summ           48%        N/A       1%          3
 Hailstorm                Conj/Ice       35%        3d9       1%          3
 Flame Wave               Conj/Fire      71%        2d16      1%          4
 Summon Guardian Golem    Hex/Summ       28%        N/A       3%          3
 Kindle Blastsparks       Fire/Tloc/Air  68%        2d15      6%          3
 Freeze                   Ice            36%        1d5       8%          1
 Sting                    Tmut/Pois      36%        1d4       8%          1
 Blink                    Tloc           18%        N/A       12%         2
 Lesser Beckoning         Tloc           18%        N/A       12%         2
 Poisonous Vapours        Pois/Air       18%        N/A       12%         2
 Arcjolt                  Conj/Air       17%        1d27      16%         5
 Lightning Bolt           Conj/Air       17%        1d32      16%         5
 Frozen Ramparts          Ice            18%        1d3       22%         3
 Ozocubu's Armour         Ice            9%         N/A       22%         3
 Vhi's Electric Charge    Tloc/Air       18%        N/A       22%         3
 Summon Cactus Giant      Summ           24%        N/A       24%         6
 Summon Forest            Summ/Tloc      14%        N/A       30%         5
 Summon Mana Viper        Hex/Summ       28%        N/A       30%         5
 Orb of Destruction       Conj           28%        9d9       36%         7
 Spellforged Servitor     Conj/Summ      26%        N/A       56%         7
 Olgreb's Toxic Radiance  Pois           9%         N/A       58%         4
 Conjure Ball Lightning   Conj/Air       17%        3x3d6     65%         6
 Ozocubu's Refrigeration  Ice            4%         4d8       100%        7


Dungeon Overview and Level Annotations

Branches:
Dungeon (11/15)            Temple (1/1) D:6            Lair (5/5) D:9
  Swamp (0/4) Lair:2       Spider (0/4) Lair:2        Slime (0/5) Lair:4
    Orc (0/2) D:10

Altars:
Ashenzari
Dithmenos
Hepliaklqana
Kikubaaqudgha
Makhleb
Okawaru
Qazlal
Ru
Sif Muna
Wu Jian
Jiyva

Shops:
D:1 [!([(   D:2 (   D:6 :   D:8 *

Annotations:
Lair:2 1 runed translucent door


Message History

The skyshark is severely wounded.
Casting: Scorch (safe; 1% risk of failure)
Confirm with . or Enter, or press ? or * to list all spells.
You feel a surge of power!
You conjure some foxfire!
The skyshark bites you.
The skyshark tastes blood and grows stronger!
The skyshark tail-slaps you. The skyshark bites you!!
The skyshark enters a blood-rage!
The skyshark tail-slaps you!
Casting: Foxfire (safe; 1% risk of failure)
Confirm with . or Enter, or press ? or * to list all spells.
You feel a surge of power!
Flames lash the skyshark.
The skyshark is burned terribly!
The skyshark is almost dead.
The foxfire hits the skyshark.
The skyshark is burned terribly!
The skyshark is almost dead.
The foxfire hits the skyshark.
The skyshark is burned terribly!
The skyshark is almost dead.
The skyshark misses you. x2; The skyshark bites you!
The skyshark barely misses you.
A skyshark is nearby!
Casting: Scorch (safe; 1% risk of failure)
Confirm with . or Enter, or press ? or * to list all spells.
You feel a surge of power!
You conjure some foxfire!
The skyshark barely misses you.
The skyshark tail-slaps you but does no damage.
The skyshark bites you! The skyshark closely misses you.
Casting: Foxfire (safe; 1% risk of failure)
Confirm with . or Enter, or press ? or * to list all spells.
You don't know that spell.
The foxfire hits the skyshark.
The skyshark is burned terribly!
The skyshark is almost dead.
The foxfire hits the skyshark but does no damage.
The skyshark is almost dead.
The skyshark bites you!!
* * * LOW HITPOINT WARNING * * *
The skyshark tail-slaps you!
* * * LOW HITPOINT WARNING * * *
The skyshark bites you!
* * * LOW HITPOINT WARNING * * *
The skyshark tail-slaps you.
You die...

#P.P.##....###[....#......##
## ##...###...P##........ .
... #....###....##.....#.#
.. ....
.....##....###......# ...
...P.
###.##..........#####....
##.#.
##.....#<...##..##P......
##..
............#.+.§.P...... #.
................§........ .
..............*.@l.......
.........................
.........................
.........................
.........................
....†....................
.........................
.....#######♣.......♣###
....## #♣.


You could see a skyshark (berserk, combustible, ally target) and a friendly
battlesphere.

Vanquished Creatures
  A centaur warrior (D:10)
  A hydra (Lair:4)
  2 boulder beetles
  A death yak (Lair:3)
  A skyshark (Lair:2)
  Pikel (D:5)
  A lindwurm (Lair:3)
  2 oklob plants (Lair:4)
  A black mamba (Lair:3)
  4 rime drakes
  Maggie (D:6)
  12 cane toads
  Psyche (D:8)
  A kobold demonologist (D:8)
  6 komodo dragons
  A polar bear (Lair:1)
  2 trolls (D:10)
  Prince Ribbit (D:5)
  Grinder (D:4)
  7 dream sheep (Lair:4)
  11 blink frogs
  3 culicivoras (Lair:2)
  Sigmund (D:3)
  A jumping spider (Lair:2)
  49 yaks
  3 wyverns
  Eustachio (D:4)
  10 basilisks
  7 vampire mosquitoes
  2 steam dragons
  3 redbacks (Lair:2)
  10 water moccasins
  A sky beast (D:8)
  6 orc warriors
  An ice beast (D:7)
  3 black bears
  4 centaurs
  4 ogres
  A phantom (D:5)
  6 kobold brigands
  20 bullfrogs
  4 gnoll sergeants
  A necrophage (D:5)
  Blork the orc (D:6)
  A scorpion (D:5)
  14 wights
  3 killer bees (D:8)
  An electric eel (Lair:4)
  4 howler monkeys
  7 orc priests
  3 gnoll boudas
  2 hounds (D:6)
  2 jellies
  4 iguanas
  Natasha (thrice) (D:3)
  8 orc wizards
  Robin (D:2)
  7 adders
  20 gnolls
  2 worms
  A dart slug (D:2)
  43 orcs
  3 ball pythons
  13 bats
  2 endoplasms
  7 giant cockroaches
  11 hobgoblins
  6 jackals
  15 kobolds
  4 quokkas
  3 frilled lizards
  12 goblins
  5 rats (D:2)
  2 butterflies (Lair:4)
410 creatures vanquished.

Vanquished Creatures (collateral kills)
  15 foxfires
15 creatures vanquished.

Vanquished Creatures (others)
  1755 foxfires
  40 fungi
  72 plants
  4 withered plants (Lair:5)
1871 creatures vanquished.

Grand Total: 2296 creatures vanquished

Notes
Turn   | Place    | Note
-------+----------+-------------------------------------------
     0 | D:1      | Crownlay the Hill Orc Fire Elementalist began the quest for
                  | the Orb.
     0 | D:1      | Reached XP level 1. HP: 14/14 MP: 3/3
    69 | D:1      | Found Ducuost's Weapon Emporium.
   115 | D:1      | Found Negaixat's Antique Armour Shop.
   160 | D:1      | Found Roduonecs's Distillery.
   205 | D:1      | Reached XP level 2. HP: 20/20 MP: 1/4
   217 | D:1      | Learned a level 2 spell: Scorch
   518 | D:1      | Found Ygyokote's Antique Weapon Shoppe.
   782 | D:1      | Found Camad's Antique Armour Shoppe.
  1055 | D:2      | Found an iron altar of Okawaru.
  1084 | D:2      | Reached skill level 2 in Conjurations
  1127 | D:2      | Reached XP level 3. HP: 26/26 MP: 1/5
  1209 | D:2      | Found Zohucur's Antique Weapon Shoppe.
  1561 | D:2      | Noticed Robin
  1592 | D:2      | Reached XP level 4. HP: 30/33 MP: 1/6
  1739 | D:2      | Killed Robin
  1980 | D:2      | Reached skill level 3 in Conjurations
  2240 | D:2      | Identified the +4 quarterstaff of the Pits of Slime {pain,
                  | Will+ Str-4 Int+2 SInv}
  2448 | D:3      | Found a broken altar of Ashenzari.
  2624 | D:3      | Noticed Natasha
  2630 | D:3      | Killed Natasha
  2631 | D:3      | Reached XP level 5. HP: 38/38 MP: 0/7
  2710 | D:3      | Noticed Sigmund
  2717 | D:3      | Reached skill level 1 in Summonings
  2718 | D:3      | Killed Sigmund
  2719 | D:3      | Reached skill level 5 in Fire Magic
  2719 | D:3      | Reached XP level 6. HP: 45/45 MP: 1/9
  3006 | D:3      | Noticed Natasha
  3010 | D:3      | Killed Natasha
  3309 | D:3      | Noticed Natasha
  3314 | D:3      | Killed Natasha
  3315 | D:3      | Reached skill level 4 in Conjurations
  3376 | D:4      | Reached XP level 7. HP: 35/50 MP: 3/10
  3652 | D:4      | Noticed Grinder
  3661 | D:4      | Killed Grinder
  3851 | D:4      | Learned a level 3 spell: Inner Flame
  3882 | D:4      | Reached XP level 8. HP: 42/57 MP: 0/12
  4198 | D:4      | Noticed Eustachio
  4205 | D:4      | Killed Eustachio
  4206 | D:4      | Reached skill level 5 in Conjurations
  4418 | D:5      | Entered Level 5 of the Dungeon
  4668 | D:5      | Noticed Prince Ribbit
  4678 | D:5      | Killed Prince Ribbit
  4785 | D:5      | Noticed Pikel
  4806 | D:5      | Killed Pikel
  4807 | D:5      | Reached skill level 6 in Conjurations
  4807 | D:5      | Reached skill level 5 in Summonings
  4807 | D:5      | Reached XP level 9. HP: 39/62 MP: 5/15
  5307 | D:5      | Reached skill level 1 in Fighting
  5399 | D:5      | Found a shadowy altar of Dithmenos.
  5895 | D:6      | Noticed Blork the orc
  5901 | D:6      | Killed Blork the orc
  6175 | D:6      | Found a hazy altar of Hepliaklqana.
  6203 | D:6      | Found a burning altar of Makhleb.
  6374 | D:6      | Noticed Maggie
  6389 | D:6      | Killed Maggie
  6442 | D:6      | Reached skill level 7 in Conjurations
  6497 | D:6      | Reached skill level 5 in Spellcasting
  6578 | D:6      | Found Akhykiutt's Book Boutique.
  6733 | D:6      | Found a staircase to the Ecumenical Temple.
  6741 | D:6      | Identified the +9 flail of Fedhas, Healing {drain, Will+}
  6748 | Temple   | Entered the Ecumenical Temple
  6758 | Temple   | Became a worshipper of Sif Muna the Loreminder
  6980 | D:7      | Found an ornate altar of the Wu Jian Council.
  7277 | D:7      | Reached skill level 1 in Invocations
  7283 | D:7      | Reached XP level 10. HP: 75/75 MP: 5/17
  7590 | D:7      | Found Fihucol's Magic Scroll Shoppe.
  8213 | D:7      | Reached * piety under Sif Muna
  8668 | D:8      | Upgraded the game from 0.30-a0-760-g5a9884bb7c to
                  | 0.30-a0-772-g5528072125
  9257 | D:8      | Noticed Psyche
  9264 | D:8      | Killed Psyche
  9309 | D:8      | Reached skill level 8 in Conjurations
  9486 | D:8      | Reached ** piety under Sif Muna
  9693 | D:8      | Found Keuraqij's Assorted Antiques.
 10394 | D:9      | Noticed a kobold demonologist
 10531 | D:8      | Killed a kobold demonologist
 10590 | D:9      | Reached skill level 5 in Fighting
 10593 | D:9      | Reached XP level 11. HP: 86/86 MP: 9/19
 11266 | D:9      | Reached skill level 9 in Conjurations
 11270 | D:9      | Reached skill level 5 in Invocations
 12110 | D:9      | Found a staircase to the Lair.
 12516 | D:10     | Entered Level 10 of the Dungeon
 12623 | D:10     | Learned a level 5 spell: Fireball
 12796 | D:10     | HP: 1/89 [orc warrior/bolt (18)]
 13133 | D:10     | Reached *** piety under Sif Muna
 13572 | D:10     | Noticed a centaur warrior
 13581 | D:10     | Killed a centaur warrior
 13582 | D:10     | Reached skill level 10 in Conjurations
 14068 | D:10     | Reached skill level 10 in Fire Magic
 14366 | D:10     | Found a staircase to the Orcish Mines.
 14366 | D:10     | You fall into a shaft and drop 1 floor!
 14665 | Lair:1   | Entered Level 1 of the Lair of Beasts
 14710 | Lair:1   | Reached skill level 1 in Shields
 14710 | Lair:1   | Reached XP level 12. HP: 66/96 MP: 9/21
 16255 | D:1      | Bought a heavily jewelled robe for 159 gold pieces
 16255 | D:1      | Identified the +1 robe of Distant Worlds {rF+++ rC- rN+++
                  | Dex-5} (You bought it in a shop on level 1 of the Dungeon)
 16305 | D:1      | Bought a steaming leather armour for 168 gold pieces
 16305 | D:1      | Identified the +3 leather armour "Uriaron" {rElec} (You
                  | bought it in a shop on level 1 of the Dungeon)
 16717 | Lair:2   | Found a staircase to the Swamp.
 17915 | Lair:2   | Reached skill level 11 in Conjurations
 18185 | Lair:2   | Found a hole to the Spider Nest.
 18344 | Lair:2   | Found a runed translucent door.
 18664 | Lair:3   | Reached **** piety under Sif Muna
 18920 | Lair:3   | Learned a level 5 spell: Iskenderun's Battlesphere
 18960 | Lair:3   | Reached skill level 5 in Shields
 19020 | Lair:3   | Noticed a boulder beetle
 19032 | Lair:3   | Killed a boulder beetle
 19491 | Lair:3   | Noticed a death yak
 19492 | Lair:3   | Noticed a death yak
 19506 | Lair:3   | Killed a death yak
 19866 | Lair:3   | Reached XP level 13. HP: 61/102 MP: 7/24
 21061 | Lair:4   | Found a viscous altar of Jiyva.
 21063 | Lair:4   | Found a staircase to the Slime Pits.
 22030 | Lair:4   | Reached skill level 12 in Conjurations
 22234 | Lair:5   | Entered Level 5 of the Lair of Beasts
 22356 | Lair:5   | Found an iron altar of Okawaru.
 22442 | Lair:5   | Found the +5 scythe "Finisher" {speed, eviscerate}
 24331 | Lair:5   | HP: 5/105 [skyshark (13)]
 24331 | Lair:5   | Slain by a skyshark

Illustrated notes

Levels and vault maps discovered:
D:1:      ncdulo_lavacross, layout_loops_ring, serial_shops, shop_coins,
          nicolae_shop_crystal, shop, nicolae_shop_stone, nicolae_lakefront_shop
D:2:      minmay_wonky_spiral, layout_basic, serial_shops,
          nicolae_shop_hallway_plus, basic_altar, minivault_25,
          serial_bayou_pond_b, uniq_robin
D:3:      layout_basic, evilmike_ruin_ashenzari, uniq_sigmund, uniq_natasha
D:4:      layout_rooms, uniq_eustachio, uniq_grinder
D:5:      layout_loops_ring, nicolae_dithmenos_through_a_glass_darkly,
          uniq_pikel, uniq_prince_ribbit1
D:6:      layout_gridville, nicolae_overflow_hidden_temple,
          minmay_temple_entry_offerings, serial_shops, shop, roderic_batcave,
          uniq_maggie, uniq_blork_the_orc
D:7:      layout_basic, mainiacjoe_overflow_alcove_2, serial_shops, shop
D:8:      layout_cave_pods, serial_shops, shop_fountains, abandoned_shop,
          minmay_crystal_water, uniq_psyche
D:9:      layout_cave_pools, minmay_lair_entry_grove
D:10:     layout_gridville, kennysheep_orc_monster_closet_entryway,
          serial_bayou_pond_d
D:11:     layout_irregular_city
Temple:   regret_index_temple_sphere_string
Lair:1:   layout_roguey, beast_lair_carwin_8
Lair:2:   gammafunk_indiana_jones, layout_gridlike, minmay_swamp_entry_swarm,
          nicolae_spider_entry_tight_spaces, lemuel_fruit_fields
Lair:3:   layout_loops_ring, fungi_pond_lemuel
Lair:4:   layout_long_grid, minmay_slime_entry_oklob_enclosed,
          infiniplex_staircase_pool_2, serial_bayou_shore_a, lemuel_fruit_fields
Lair:5:   due_jungle_book, layout_regular_city, basic_altar,
          kennysheep_basilisk_garden

Skill      XL: |  1  2  3  4  5  6  7  8  9 10 11 12 13 |
---------------+----------------------------------------+-----
Conjurations   | 2 3 4 6 7 8 10 11 12 | 12.4
Fire Magic     | 4 5 6 7 8 9 10 | 10.0
Summonings     | 2 3 5 6 7 8 9 |  9.4
Spellcasting   | 2 3 4 5 6 7 8 |  8.6
Fighting       | 2 5 6 7 |  7.4
Invocations    | 1 4 6 8 9 |  9.4
Shields        | 1 5 6 |  6.0
Dodging        | |  1.5
Stealth        | |  1.5

Action                     |  1- 3 |  4- 6 |  7- 9 | 10-12 | 13-15 || total
---------------------------+-------+-------+-------+-------+-------++-------
  Melee: Dagger            |    11 |    44 |       |       |       ||    55
         Unarmed           |       |     1 |       |       |       ||     1
         Quarterstaff      |       |     5 |    29 |    37 |     8 ||    79
   Cast: Foxfire           |    50 |    58 |   211 |   510 |   188 ||  1017
         Scorch            |       |     9 |    36 |    67 |    24 ||   136
         Inner Flame       |       |       |     3 |    79 |    11 ||    93
         Iskenderun's Batt |       |       |       |    12 |    42 ||    54
         Fireball          |       |       |       |     2 |     3 ||     5
 Invoke: Channel Magic     |       |       |       |       |     2 ||     2
    Use: Scroll            |       |       |     6 |    12 |     2 ||    20
         Potion            |       |       |     1 |     3 |     1 ||     5
 Armour: Robe              |    19 |    29 |    21 |    87 |    23 ||   179
  Dodge: Dodged            |    37 |    53 |    54 |   183 |    46 ||   373

Table legend: (Time is in decaauts)
 A = Elapsed time spent in this place.
 B = Non-inter-level travel time spent in this place.
 C = Inter-level travel time spent in this place.
 D = Time resting spent in this place.
 E = Time spent auto-exploring this place.
 F = Levels seen in this place.
 G = Mean time per level.
                   A        B        C        D        E       F      G
               +--------+--------+--------+--------+--------+-----+--------+
         Total |  24480 |  23111 |   1369 |   1616 |  16800 |  17 | 1440.0 |
       Dungeon |  15424 |  14473 |    951 |    662 |  11346 |  11 | 1402.2 |
        Temple |     20 |     11 |      9 |      0 |      5 |   1 |   20.0 |
          Lair |   9035 |   8626 |    409 |    954 |   5448 |   5 | 1807.0 |
               +--------+--------+--------+--------+--------+-----+--------+

Top non-repeatable levels by time:
     D:8: 3150 daAuts
  Lair:4: 2404 daAuts
  Lair:2: 2341 daAuts
     D:9: 1943 daAuts
  Lair:5: 1650 daAuts
     D:7: 1529 daAuts
    D:10: 1446 daAuts
  Lair:1: 1347 daAuts
     D:2: 1339 daAuts
     D:6: 1300 daAuts
  Lair:3: 1291 daAuts
     D:5: 1199 daAuts
     D:3: 1188 daAuts
     D:1: 1088 daAuts
     D:4: 1042 daAuts
